 Dungeon Crawl Stone Soup version 0.27.1 (webtiles) character file.

Game seed: 10217192525071971509

10495 Ishikawa the Basher (level 11, -1/99 HPs)
             Began as a Minotaur Fighter on Aug 24, 2021.
             Was a High Priest of Okawaru.
             Slain by a freezing wraith (6 damage)
             ... on level 2 of the Abyss.
             The game lasted 00:26:22 (9552 turns).

Ishikawa the Basher (Minotaur Fighter)              Turns: 9552, Time: 00:26:22

Health: -1/99      AC: 13    Str: 21    XL:     11   Next: 36%
Magic:  13/13      EV: 12    Int:  7    God:    Okawaru [*****.]
Gold:   642        SH:  0    Dex: 11    Spells: 14/15 levels left

rFire    + + .     SeeInvis .   j - +6 dire flail (drain)
rCold    + . .     Faith    .   (shield currently unavailable)
rNeg     . . .     Spirit   .   Q - +3 scale mail {rF+}
rPois    +         Reflect  .   (helmet restricted)
rElec    .         Harm     .   b - scarf {rC+ rF+}
rCorr    .         Rampage  .   f - +0 pair of gloves
Will     .....                  (no boots)
Stlth    ..........             (no amulet)
HPRegen  0.26/turn              m - ring of poison resistance
MPRegen  0.13/turn              B - ring of wizardry

@: mighty, studying Crossbows
A: horns 2, retaliatory headbutt
a: Renounce Religion, Heroism, Finesse


You were on level 2 of the Abyss.
You worshipped Okawaru.
Okawaru was extremely pleased with you.
You visited 1 branch of the dungeon, and saw 10 of its levels.
You visited the Abyss 1 time.

You collected 642 gold pieces.

Inventory:

Hand Weapons
 j - a +6 dire flail of draining (weapon)
 p - a +0 shortbow of freezing
Missiles
 v - 30 arrows
Armour
 b - a scarf of resistance (worn)
 f - a +0 pair of gloves (worn)
 z - a +0 cloak
 M - +0 steam dragon scales
 O - a +1 ring mail of willpower
 Q - a +3 scale mail of fire resistance (worn)
Jewellery
 m - a ring of poison resistance (left hand)
 B - a ring of wizardry (right hand)
 F - a ring of willpower
 J - a ring of magical power
Wands
 D - a wand of flame (37)
 H - a wand of paralysis (14)
Scrolls
 c - a scroll of fog {unknown}
 e - 5 scrolls of teleportation
 g - 9 scrolls of identify
 k - a scroll of fear {unknown}
 l - a scroll of silence {unknown}
 q - a scroll of torment {unknown}
 t - a scroll of acquirement {unknown}
 u - 2 scrolls of magic mapping {unknown}
 y - 2 scrolls of noise {unknown}
 C - a scroll of immolation {unknown}
 E - a scroll of blinking
 I - a scroll of enchant armour {unknown}
 N - a scroll of amnesia {unknown}
 P - a scroll of vulnerability {unknown}
Potions
 a - a potion of resistance {unknown}
 d - 3 potions of might
 h - a potion of attraction {unknown}
 i - 2 potions of brilliance {unknown}
 n - a potion of flight {unknown}
 o - a potion of ambrosia {unknown}
 r - 4 potions of lignification {unknown}
 s - 2 potions of degeneration
 x - a potion of cancellation {unknown}
 A - 2 potions of mutation {unknown}


   Skills:
 * Level 9.6 Fighting
 * Level 13.5 Maces & Flails
 * Level 10.0 Armour
 * Level 6.3 Dodging
 - Level 5.4 Shields
 - Level 2.6 Spellcasting
 * Level 2.2 Hexes


You had 14 spell levels left.
You knew the following spells:

 Your Spells              Type           Power      Damage    Failure   Level
a - Corona                Hex            4%         N/A       13%         1

Your spell library contained the following spells:

 Spells                   Type           Power      Damage    Failure   Level
 Ensorcelled Hibernation  Hex/Ice        4%         N/A       30%         2
 Summon Small Mammal      Summ           0%         N/A       32%         1
 Tukima's Dance           Hex            4%         N/A       34%         3
 Blink                    Tloc           N/A        N/A       43%         2
 Summon Guardian Golem    Hex/Summ       2%         N/A       50%         3
 Call Canine Familiar     Summ           0%         N/A       65%         3
 Gell's Gravitas          Tloc           0%         N/A       65%         3
 Lesser Beckoning         Tloc           0%         N/A       65%         3
 Teleport Other           Tloc           0%         N/A       65%         3
 Hailstorm                Conj/Ice       0%         3d3       96%         4
 Ice Form                 Ice/Tmut       0%         N/A       96%         4
 Manifold Assault         Tloc           0%         N/A       100%        5
 Simulacrum               Ice/Necr       0%         N/A       100%        6


Dungeon Overview and Level Annotations

Branches:
Dungeon (10/15)            Temple (0/1) D:6            Lair (0/6) D:9
    Orc (0/2) D:10

Altars:
Ashenzari
Dithmenos
Kikubaaqudgha
Nemelex Xobeh
Okawaru
Qazlal
Sif Muna
Trog
Vehumet
Xom

Shops:
D:1 !   D:8 :


Innate Abilities, Weirdness & Mutations

You have a pair of horns on your head.
You reflexively headbutt those who attack you in melee.


Message History

The large abomination closely misses you.
You impale the large abomination!!
You destroy the large abomination!
Okawaru is honoured by your kill.
A raiju comes into view.
The raiju barks!
The raiju barks!
You puncture the small abomination!
The small abomination is moderately damaged.
The raiju bursts into living lightning!
The living lightning hits you!
* * * LOW HITPOINT WARNING * * *
The raiju blinks! x2
You feel better.
The small abomination completely misses you.
The raiju bites you but does no damage.
You impale the small abomination!!
You destroy the small abomination!
Okawaru accepts your kill. The raiju barely misses you.
A small abomination comes into view.
Your Armour skill increases to level 10!
You closely miss the raiju. Your headbutt misses the raiju.
The freezing wraith misses you.
The freezing wraith hits you but does no damage.
You closely miss the raiju. Your headbutt misses the raiju.
The raiju bites you.
* * * LOW HITPOINT WARNING * * *
The raiju shocks you!
* * * LOW HITPOINT WARNING * * *
A large abomination comes into view.
You barely miss the raiju.
The freezing wraith hits you but does no damage. x2
You closely miss the raiju. You bludgeon the raiju!! You drain the raiju!
The raiju is almost dead.
The freezing wraith hits you!
* * * LOW HITPOINT WARNING * * *
The freezing wraith freezes you. You resist.
You die...

..#.. ..8.. #
.... ..
.8.#[# ....#
. # .. # ##
#.#########X#
#.. #
........h@W##
[3
#.....h##..#
. $
.#.x..####.#
# # #..#..##
### ##
...##..# ##
....###.# ..
. . # # ..##
# # # .. #. .
....#


You could see a large abomination, a freezing wraith, 2 raiju and a small
abomination.

Vanquished Creatures
  Harold (D:9)
  A two-headed ogre (D:9)
  A large abomination (Abyss:2)
  An apocalypse crab (Abyss:2)
  A komodo dragon (D:9)
  A kobold demonologist (D:10)
  Grinder (D:3)
  A ynoxinul (Abyss:2)
  9 yaks
  A wraith (D:10)
  A small abomination (Abyss:2)
  2 wyverns (D:7)
  A steam dragon (D:8)
  Edmund (D:4)
  Menkaure (D:4)
  3 water moccasins
  3 ice beasts
  7 orc warriors
  A sky beast (D:6)
  3 black bears
  4 centaurs
  An ogre (D:4)
  A phantom (D:6)
  Blork the orc (D:4)
  4 kobold brigands
  3 bullfrogs
  2 wyvern zombies (D:8)
  A water moccasin zombie (D:7)
  6 scorpions
  A wyvern skeleton (D:6)
  8 killer bees
  5 wights
  3 howler monkeys
  4 crimson imps (D:5)
  2 bullfrog zombies
  10 orc priests
  2 centaur zombies
  3 hounds
  Crazy Yiuf (D:5)
  2 centaur skeletons
  4 iguanas
  7 orc wizards
  A hound skeleton (D:5)
  2 howler monkey zombies
  A howler monkey skeleton (D:5)
  5 adders
  2 white imps
  An adder skeleton (D:4)
  A worm (D:2)
  4 dart slugs
  45 orcs
  4 ball pythons
  4 endoplasms
  4 giant cockroaches
  11 goblins
  6 hobgoblins
  8 jackals (D:2)
  2 quokkas
  3 bats
  2 frilled lizards
  20 kobolds
  A quokka skeleton (D:4)
  4 rats
247 creatures vanquished.

Vanquished Creatures (others)
  An orc wizard (D:9)
  14 fungi
  16 plants (D:9)
31 creatures vanquished.

Grand Total: 278 creatures vanquished

Notes
Turn   | Place    | Note
-------+----------+-------------------------------------------
     0 | D:1      | Ishikawa the Minotaur Fighter began the quest for the Orb.
     0 | D:1      | Reached XP level 1. HP: 19/19 MP: 0/0
   319 | D:1      | Reached XP level 2. HP: 25/27 MP: 1/1
   471 | D:1      | Found Huzizuus's Distillery.
  1099 | D:2      | Reached XP level 3. HP: 30/33 MP: 2/2
  1255 | D:2      | Found a faded altar of an unknown god.
  1326 | D:2      | Found a sparkling altar of Nemelex Xobeh.
  1430 | D:2      | Reached skill level 3 in Maces & Flails
  1484 | D:2      | Reached skill level 1 in Dodging
  1918 | D:3      | Reached XP level 4. HP: 40/40 MP: 3/3
  2018 | D:3      | Noticed Grinder
  2042 | D:3      | Killed Grinder
  2043 | D:3      | Reached skill level 4 in Maces & Flails
  2043 | D:3      | Reached skill level 5 in Armour
  2043 | D:3      | Reached XP level 5. HP: 17/47 MP: 4/4
  2296 | D:3      | Reached XP level 6. HP: 50/53 MP: 5/5
  2737 | D:4      | Reached skill level 5 in Shields
  2964 | D:4      | Reached skill level 5 in Maces & Flails
  2996 | D:4      | Found an iron altar of Okawaru.
  3002 | D:4      | Became a worshipper of Warmaster Okawaru
  3159 | D:4      | Noticed Menkaure
  3164 | D:4      | Killed Menkaure
  3165 | D:4      | Reached XP level 7. HP: 37/60 MP: 5/7
  3385 | D:4      | Noticed Edmund
  3405 | D:4      | Killed Edmund
  3406 | D:4      | Reached skill level 5 in Fighting
  3835 | D:4      | Found a broken altar of Ashenzari.
  3883 | D:4      | Noticed Blork the orc
  3889 | D:4      | Killed Blork the orc
  3890 | D:4      | Reached skill level 6 in Maces & Flails
  3890 | D:4      | Reached skill level 1 in Spellcasting
  4159 | D:5      | Entered Level 5 of the Dungeon
  4258 | D:5      | Found a runed translucent door.
  4259 | D:5      | Noticed Crazy Yiuf
  4270 | D:5      | Killed Crazy Yiuf
  4365 | D:5      | Reached * piety under Okawaru
  4415 | D:5      | Reached XP level 8. HP: 68/68 MP: 8/8
  4514 | D:5      | Reached skill level 7 in Maces & Flails
  4667 | D:5      | Found a shimmering altar of Xom.
  4767 | D:5      | Reached ** piety under Okawaru
  4768 | D:5      | Reached skill level 8 in Maces & Flails
  4778 | D:5      | Reached skill level 9 in Maces & Flails
  5038 | D:6      | Reached XP level 9. HP: 68/77 MP: 9/11
  5125 | D:6      | Found a staircase to the Ecumenical Temple.
  5133 | D:6      | Reached *** piety under Okawaru
  5368 | D:6      | Found a shadowy altar of Dithmenos.
  5436 | D:6      | Reached skill level 10 in Maces & Flails
  5980 | D:7      | Found a stormy altar of Qazlal.
  6087 | D:7      | Reached **** piety under Okawaru
  6096 | D:7      | Reached skill level 11 in Maces & Flails
  6460 | D:7      | Learned a level 1 spell: Corona
  6489 | D:7      | Found a bloodstained altar of Trog.
  6489 | D:7      | Found a radiant altar of Vehumet.
  6497 | D:7      | Found a faded altar of an unknown god.
  6499 | D:7      | Found a shimmering blue altar of Sif Muna.
  6501 | D:7      | Found a faded altar of an unknown god.
  6757 | D:8      | Reached XP level 10. HP: 78/86 MP: 12/12
  6806 | D:8      | Reached skill level 5 in Dodging
  7325 | D:8      | Found an ancient bone altar of Kikubaaqudgha.
  7504 | D:8      | Found Xirokoim's Book Boutique.
  7651 | D:9      | Noticed Harold
  7675 | D:9      | Killed Harold
  7675 | D:9      | Reached ***** piety under Okawaru
  7675 | D:9      | Received a gift from Okawaru
  7676 | D:9      | Reached skill level 12 in Maces & Flails
  7676 | D:9      | Reached skill level 1 in Hexes
  7735 | D:9      | Received a gift from Okawaru
  8265 | D:9      | Noticed a two-headed ogre
  8272 | D:9      | Killed a two-headed ogre
  8273 | D:9      | Reached skill level 13 in Maces & Flails
  8273 | D:9      | Reached XP level 11. HP: 52/97 MP: 13/13
  8559 | D:9      | Found a staircase to the Lair.
  8949 | D:10     | Entered Level 10 of the Dungeon
  9302 | D:10     | Found a staircase to the Orcish Mines.
  9359 | D:10     | Cast into level 2 of the Abyss (orc warrior)
  9537 | Abyss:2  | Noticed a large abomination
  9543 | Abyss:2  | Killed a large abomination
  9548 | Abyss:2  | Reached skill level 10 in Armour
  9552 | Abyss:2  | Slain by a freezing wraith

Illustrated notes

Levels and vault maps discovered:
D:1:      minmay_arrival_doors, layout_basic, serial_shops,
          nicolae_shop_window_shopping
D:2:      kennysheep_the_goblin_king, layout_basic, serial_corexii_hall,
          corexii_hall_statues_t, corexii_hall_statues_s,
          chequers_hall_statues_y, chequers_hall_statues_y, basic_altar,
          hellmonk_ecumenical_altar_dog_temple
D:3:      layout_loops_cross, uniq_grinder
D:4:      layout_loops_ring, mainiacjoe_overflow_small_starburst,
          nicolae_ashenzari_skybound, nrook_mini_backslash,
          mrwooster_statue_mirror, uniq_edmund, uniq_menkaure,
          uniq_blork_the_orc
D:5:      layout_basic, led_xom_imps, uniq_crazy_yiuf_cottage
D:6:      layout_cave_pools, nicolae_dithmenos_through_a_glass_darkly,
          minmay_temple_entry_stoned_glass, dk_noncrumbling_3,
          grunt_ministairs_12, minmay_crystal_room
D:7:      layout_cave_pools, chequers_temple_overflow_minitemple,
          nicolae_qazlal_style_of_elements, serial_column_ruins,
          column_ruins_columns_straight, column_ruins_columns_corner,
          column_ruins_corridor_corner, column_ruins_corridor_straight,
          column_ruins_grid_4, column_ruins_open_medium, column_ruins_grid_1,
          minmay_starry_boxes
D:8:      layout_loops_cross, mainiacjoe_overflow_surrounded_room, serial_shops,
          shop, minmay_manual_maat
D:9:      layout_loops_cross, due_lair_maze_entry_diamond, uniq_harold
D:10:     layout_loops_ring, erik_orc_1, minivault_7
Abyss:2:  base: D:4, evilmike_abyss_exit_12, hangedman_abyss_lost_library,
          evilmike_abyss_exit_8, abyss_furniture_001

Skill      XL: |  1  2  3  4  5  6  7  8  9 10 11 |
---------------+----------------------------------+-----
Armour         | 4 5 6 7 8 9 10 | 10.0
Fighting       | 4 5 6 7 9 |  9.6
Shields        | 4 5 |  5.4
Maces & Flails | 3 4 5 6 9 11 13 | 13.5
Dodging        | 1 2 3 4 5 6 |  6.3
Spellcasting   | 1 2 |  2.6
Hexes          | 1 2 |  2.2

Action                   |  1- 3 |  4- 6 |  7- 9 | 10-12 || total
-------------------------+-------+-------+-------+-------++-------
Melee: Flail             |    90 |    79 |    31 |       ||   200
       Headbutt          |    10 |    13 |    59 |    45 ||   127
       Dire flail        |       |       |   256 |   278 ||   534
  Use: Potion            |       |     2 |     1 |     7 ||    10
       Scroll            |       |     1 |     3 |     3 ||     7
 Stab: Distracted        |       |       |       |     1 ||     1
Armor: Scale mail        |    49 |    25 |     5 |   138 ||   217
       Plate armour      |       |       |   121 |    75 ||   196
Dodge: Dodged            |    46 |    16 |    78 |   164 ||   304
Block: Kite shield       |    49 |    32 |    21 |       ||   102
